 Dungeon Crawl Stone Soup version 0.22-a0-409-gb855193 (webtiles) character file.

46 Moebius the Grave Robber (level 3, -2/24 HPs)
             Began as a Demonspawn Necromancer on May 10, 2018.
             Killed from afar by Natasha (5 damage)
             ... with a magic dart
             ... on level 2 of the Dungeon.
             The game lasted 00:05:05 (1674 turns).

Moebius the Grave Robber (Demonspawn Necromancer)   Turns: 1674, Time: 00:05:05

Health: -2/24      AC:  2    Str:  8    XL:     3   Next: 44%
Magic:  2/7        EV: 12    Int: 17    God:
Gold:   73         SH:  0    Dex: 13    Spells: 5/7 levels left

rFire    . . .     SeeInvis .   e - +0 dagger
rCold    . . .     Gourm    .   (no shield)
rNeg     . . .     Faith    .   a - +0 robe
rPois    .         Spirit   .   (no helmet)
rElec    .         Reflect  .   (no cloak)
rCorr    .         Harm     .   (no gloves)
MR       .....                  (no boots)
Stlth    ++........             (no amulet)
HPRegen  0.08/turn              (no ring)
MPRegen  0.10/turn              (no ring)

@: no status effects
A: talons 1, spiny 1
a: no special abilities


You were on level 2 of the Dungeon.
You were not hungry.

You visited 1 branch of the dungeon, and saw 3 of its levels.

You collected 73 gold pieces.

Inventory:

Hand Weapons
 e - a +0 dagger (weapon)
Missiles
 b - 17 stones (quivered)
 h - 3 arrows
 n - 7 sling bullets
Armour
 a - a +0 robe (worn)
Jewellery
 j - an uncursed amulet of the acrobat {unknown}
Scrolls
 d - a scroll of enchant weapon {unknown}
 f - a scroll of teleportation {unknown}
 i - 2 scrolls of identify {unknown}
 l - a scroll of amnesia {unknown}
Potions
 k - a potion of brilliance {unknown}
 m - a potion of degeneration {unknown}
Comestibles
 c - a ration
 g - 2 chunks of flesh


   Skills:
 + Level 0.2 Fighting
 - Level 1.7 Dodging
 - Level 1.7 Stealth
 + Level 2.8 Spellcasting
 + Level 5.2 Necromancy


You had 5 spell levels left.
You knew the following spells:

 Your Spells              Type           Power        Failure   Level  Hunger
a - Pain                  Necr           ###.         2%          1    #......
b - Animate Skeleton      Necr           N/A          2%          1    #......


Dungeon Overview and Level Annotations

Branches:
Dungeon (3/15)

Altars:
Ashenzari

Annotations:
D:2 Natasha


Innate Abilities, Weirdness & Mutations

You have sharp toenails.
You are partially covered in sharp spines.


Message History

Casting: Animate Skeleton (safe; 2% risk of failure)
Confirm with . or Enter, or press ? or * to list all spells.
Aiming: Pain (safe; 2% risk of failure)
Press: ? - help, Shift-Dir - straight line, f - kobold
Aim: a kobold, wielding a club (chance to defeat MR: 90%)
The kobold barely resists.
Natasha casts a spell at you. The magic dart hits you!
* * * LOW HITPOINT WARNING * * *
Your adder skeleton bites the kobold but does no damage.
The kobold hits you but does no damage.
Casting: Pain (safe; 2% risk of failure)
Confirm with . or Enter, or press ? or * to list all spells.
Aiming: Pain (safe; 2% risk of failure)
Press: ? - help, Shift-Dir - straight line, f/p - kobold
Aim: a kobold, wielding a club (chance to defeat MR: 90%)
The kobold writhes in agony!
Natasha casts a spell at you. The magic dart hits you!
You die...

########## #........# #...._h..#
#........# #...@K..># #..ZZ....#
###(##.### ##.##...## #(.# #<.#
##############.######.######
.......>...)..............>##.≈≈≈
##############.#######...#...≈≈≈≈
#.# ##.# #≈≈w≈


You could see Natasha, a kobold, a friendly leopard gecko skeleton and a
friendly adder skeleton.

Vanquished Creatures
  An adder (D:2)
  A dart slug (D:1)
  2 leopard geckos
  2 giant cockroaches (D:1)
  A goblin (D:2)
  7 hobgoblins (D:1)
  2 jackals (D:1)
  5 kobolds (D:1)
  3 bats (D:1)
  A frilled lizard (D:1)
  4 rats (D:1)
29 creatures vanquished.

Vanquished Creatures (collateral kills)
  2 jackals (D:1)
2 creatures vanquished.

Grand Total: 31 creatures vanquished

Notes
Turn   | Place    | Note
-------+----------+-------------------------------------------
     0 | D:1      | Moebius the Demonspawn Necromancer began the quest for the Orb.
     0 | D:1      | Reached XP level 1. HP: 13/13 MP: 3/3
    45 | D:2      | Noticed an orc wizard
    45 | D:2      | Noticed an orc priest
    50 | D:1      | Learned a level 1 spell: Animate Skeleton
   761 | D:1      | Gained mutation: You have sharp toenails. [demonic ancestry]
   761 | D:1      | Reached XP level 2. HP: 18/19 MP: 1/5
  1045 | D:1      | Reached skill level 5 in Necromancy
  1189 | D:1      | Gained mutation: You are partially covered in sharp spines. [demonic ancestry]
  1189 | D:1      | Reached XP level 3. HP: 18/24 MP: 2/6
  1666 | D:2      | Found a shattered altar of Ashenzari.
  1670 | D:2      | Noticed Natasha
  1674 | D:2      | Killed from afar by Natasha

Vault maps used:
D:1:      lemuel_arrival_cross, minmay_fountain_box, minmay_pentomino_s2
D:2:      overflow_temple_1_default, marbit_many_paths,
          chequers_ecumenical_altar_twisty, kennysheep_slug_shrine, uniq_natasha
D:3:      grunt_temple_overflow_forces_of_nature

Skill      XL: |  1  2 |
---------------+-------+-----
Necromancy     | 5 |  5.2
Fighting       | |  0.2
Dodging        | |  1.7
Stealth        | |  1.7
Spellcasting   | |  2.8

Action                   || total
-------------------------++-------
Melee: Dagger            ||    47
       Kick              ||     6
 Cast: Pain              ||    31
       Animate Skeleton  ||    13
 Stab: Sleeping          ||     2
  Eat: Chunk             ||     3
Armor: Robe              ||    11
Dodge: Dodged            ||    25

Table legend:
 A = Spawn XP
 B = Non-spawn XP
 C = Spawn XP percentage of total XP
 D = Spawn monster count
 E = Non-spawn monster count
 F = Spawn count percentage of total count
 G = Total turns spent on level
                    A         B        C        D         E        F      G
               +---------+---------+-------+---------+---------+-------+---------
         Total |       0 |      66 |   0.0 |       0 |      31 |   0.0 |  1674
               +---------+---------+-------+---------+---------+-------+---------
           D:1 |       0 |      48 |   0.0 |       0 |      28 |   0.0 |  1607
           D:2 |       0 |      18 |   0.0 |       0 |       3 |   0.0 |    65
               +---------+---------+-------+---------+---------+-------+---------
